Unix NetHack Version 3.7.0-102 Work-in-progress - last build Apr 6 2024 13:22:21 (d302a6a9ff6341f1a922d8f5af178406b35fdf99,branch:master). Game began 2024-05-02 09:36:01, ended 2024-05-02 09:50:59. MalkMcJorma, chaotic male elven Ranger ---------- |....)...| ---.-- #......>..| # # |..).| #--.------- -.-.- |(...| # #### |...| .....| # ####### |.... -.---- ### -------.---- ####-...| ### ## ---------- ######## |..........| ### |*...### # |.........########## |..........| # ----- #### ### |.....{..| # |. --..--..| # # # |.)@h..<.-## |..--..--..| # ### # ---------- |..........| # # -.---- |...........## # |....| |..--..--..| ###.....| |..--..--..| # |....| |..........| # ------ |..........-#################### ------------ MalkMcJorma the Lookout St:15 Dx:13 Co:14 In:13 Wi:13 Ch:8 Chaotic Dlvl:2 $:70 HP:0(22) Pw:8(8) AC:6 Xp:3/72 T:1785 Latest messages: In what direction? Thwack!! In what direction? Whammm!! In what direction? Whammm!! In what direction? Whammm!! In what direction? Whammm!! In what direction? Whammm!! In what direction? Thwack!! In what direction? As you kick the door, it crashes open! You swap places with Warfrost. You see here a plate mail. You climb up the stairs. Sting stops flickering. A goblin suddenly appears close by! Sting flickers light blue! The goblin throws a crude dagger! You are hit by a crude dagger. The goblin hits! You kill the goblin! Sting stops flickering. There is a goblin corpse here; eat it? [ynq] (n) This goblin corpse tastes terrible! You finish eating the goblin corpse. Warfrost picks up an iron skull cap. Warfrost drops an iron skull cap. Warfrost picks up an iron skull cap. You see here a crude dagger. Warfrost drops an iron skull cap. You see here a locked chest. You climb up the stairs. You hear the splashing of a naiad. The hobbit throws an elven dagger! You are hit by an elven dagger. The hobbit wields a war hammer! The hobbit swings her war hammer. The hobbit hits! You hit the hobbit! The hobbit swings her war hammer. The hobbit hits! You miss the hobbit. The hobbit swings her war hammer. The hobbit hits! You die... Inventory: Coins ('$') $ - 70 gold pieces Weapons (')') r - 27 uncursed +0 arrows c - 51 blessed +2 elven arrows (in quiver) d - 30 uncursed +0 elven arrows b - an uncursed +1 elven bow (alternate weapon; not wielded) x - a blessed +0 elven dagger a - the uncursed +1 Sting (weapon in right hand) Armor ('[') s - an uncursed +0 orcish helm (being worn) e - an uncursed +2 elven cloak (being worn) Comestibles ('%') v - 2 uncursed cram rations w - an uncursed food ration f - 5 uncursed lembas wafers u - an uncursed tripe ration q - a cursed rotten tin of kobold meat Scrolls ('?') o - a blessed scroll of blank paper t - an uncursed scroll of genocide MalkMcJorma the Ranger's attributes: Background: You were a Lookout, a level 3 male elven Ranger. You were chaotic, on a mission for Mars who was opposed by Mercury (lawful) and Venus (neutral). You were right-handed. You were in the Dungeons of Doom, on level 2. You entered the dungeon 1785 turns ago. You had 72 experience points, 8 more were needed to attain level 4. Basics: You had 0 out of 22 hit points. You had all 8 energy points (spell power). Your armor class was 6. Your wallet contained 70 zorkmids. Autopickup was off. Final Characteristics: Your strength was 15 (limit:18). Your dexterity was 13 (limit:18). Your constitution was 14 (limit:16). Your intelligence was 13 (limit:20). Your wisdom was 13 (limit:20). Your charisma was 8 (limit:18). Final Status: You weren't hungry. You were unencumbered. You were wielding a dagger. You had basic skill with dagger. Final Attributes: You were devoutly aligned. You were aware of the presence of orcs. You had automatic searching. You had infravision. You were stealthy. You were warded. You are dead. Miscellaneous: You disabled loading of bones levels. Total elapsed playing time was 14 minutes and 58 seconds. Major events: Turn 1: MalkMcJorma the chaotic male elven Ranger entered the dungeon 1: became literate by naming Sting 1156: attained the rank of Lookout (level 3) 1785: killed by a hobbit Vanquished creatures: a floating eye an orc zombie 2 iguanas a hobbit a manes 3 cave spiders a gnome zombie a gecko 3 jackals a fox 2 kobolds 3 goblins a grid bug a lichen a kobold zombie 5 newts 28 creatures vanquished. No species were genocided or became extinct. Voluntary challenges: You read items or engraved 1 time. You never engraved Elbereth. You never genocided any monsters. You never polymorphed an object. You never changed form. You used no wishes. Achievement: You attained the rank of Lookout. The Dungeons of Doom: levels 1 to 4 Level 1: An altar, a fountain. Level 2: <- You were here. A fountain. Final resting place for you, killed by a hobbit. Level 3: Some fountains. Level 4: Game over: ---------- / \ / REST \ / IN \ / PEACE \ / \ | MalkMcJorma | | 70 Au | | killed by a | | hobbit | | | | | | 2024 | *| * * * | * _________)/\\_//(\/(/\)/\//\/|_)_______ Goodbye MalkMcJorma the Ranger... You died in The Dungeons of Doom on dungeon level 2 with 501 points, and 70 pieces of gold, after 1785 moves. You were level 3 with a maximum of 22 hit points when you died.